 Dungeon Crawl Stone Soup version 0.29.1-14-g9c671dbff4 (webtiles) character file.

Game seed: 17870276935935035934

58 leafyfresh the Magician (level 4, -4/31 HPs)
             Began as a Djinni Ice Elementalist on Feb 18, 2023.
             Slain by a sky beast (5 damage)
             ... on level 4 of the Dungeon.
             The game lasted 00:02:30 (2449 turns).

leafyfresh the Magician (Djinni Ice Elementalist)   Turns: 2449, Time: 00:02:31

Health: -4/31      AC:  9    Str:  7    XL:     4   Next: 21%
Gold:   113        EV: 13    Int: 18    God:
                   SH:  0    Dex: 14

rFire   + + .      SeeInvis .   n - +0 sling
rCold   x . .      Faith    .   (no shield)
rNeg    . . .      Spirit   .   a - +0 robe
rPois   ∞          Reflect  .   (no helmet)
rElec   .          Harm     .   r - +0 cloak
rCorr   .          Rampage  .   (no gloves)
Will    .....                   (boots unavailable)
Stlth   ++........              (no amulet)
HPRegen 0.10/turn               (no ring)
MPRegen 0.00/turn               (no ring)

@: ice-armoured, freezing walls, flying
A: sickness immunity, fire resistance 2, cold vulnerability 1, float, innate
caster, HP casting, extra vitality 1
a: no special abilities


You were on level 4 of the Dungeon.
You visited 1 branch of the dungeon, and saw 3 of its levels.

You collected 113 gold pieces.

Inventory:

Hand Weapons
 n - a +0 sling (weapon)
Armour
 a - a +0 robe (worn)
 r - a +0 cloak (worn)
Scrolls
 b - 2 scrolls of teleportation {unknown}
 d - a scroll of noise {unknown}
 e - a scroll of brand weapon {unknown}
 h - a scroll of amnesia {unknown}
 i - a scroll of immolation {unknown}
 l - a scroll of blinking {unknown}
 p - a scroll of vulnerability {unknown}
 q - a scroll of identify {unknown}
Potions
 c - a potion of invisibility {unknown}
 f - a potion of curing {unknown}
 g - 2 potions of lignification {unknown}
 j - a potion of mutation {unknown}
 k - a potion of flight {unknown}
 m - a potion of heal wounds {unknown}
 o - a potion of degeneration {unknown}


   Skills:
 + Level 3.3 Dodging
 - Level 2.0 Stealth
 + Level 3.7 Spellcasting


You couldn't memorise any spells.
You knew the following spells:

 Your Spells              Type           Power      Damage    Failure   Level
a - Freeze                Ice            64%        1d8       3%          1
b - Frozen Ramparts       Ice            32%        1d5       10%         3
c - Ozocubu's Armour      Ice            16%        N/A       10%         3
d - Hailstorm             Conj/Ice       16%        3d6       32%         4
e - Shock                 Conj/Air       64%        1d7       3%          1
Your spell library was empty.

Dungeon Overview and Level Annotations

Branches:
Dungeon (2/15)

Altars:


Innate Abilities, Weirdness & Mutations

You are immune to sickness and miasma.
You are immune to poison.
Your flesh is very heat resistant. (rF++)
You are vulnerable to cold. (rC-)
You float through the air rather than walking.
You learn spells naturally, not from books.
Your magical power is your life essence.
You have superior vitality. (+4 MHP)


Message History

Something hits you. Something shocks you.
* * * LOW HITPOINT WARNING * * *
Casting: Freeze (safe; 3% risk of failure)
Confirm with . or Enter, or press ? or * to list all spells.
Aiming: Freeze (safe; 3% risk of failure)
Press: ? - help, Shift-Dir - straight line You freeze something.
* * * LOW HITPOINT WARNING * * *
The wall freezes something but does no damage.
Something hits you but does no damage.
Casting: Freeze (safe; 3% risk of failure)
Confirm with . or Enter, or press ? or * to list all spells.
Aiming: Freeze (safe; 3% risk of failure)
Press: ? - help, Shift-Dir - straight line You freeze something.
* * * LOW HITPOINT WARNING * * *
The frozen ramparts melt away.
Something barely misses you.
Casting: Freeze (safe; 3% risk of failure)
Confirm with . or Enter, or press ? or * to list all spells.
Aiming: Freeze (safe; 3% risk of failure)
Press: ? - help, Shift-Dir - straight line
Okay, then.
Casting: Freeze (safe; 3% risk of failure)
Confirm with . or Enter, or press ? or * to list all spells.
You can't see any susceptible monsters within range! (Use Z to cast anyway.)
There is a strange disturbance nearby!
Unknown command.
Unknown command.
Casting: Freeze (safe; 3% risk of failure)
Confirm with . or Enter, or press ? or * to list all spells.
The spell is quite dangerous to miscast (10% risk of failure)!
Continue anyway?
Casting: Frozen Ramparts (quite dangerous; 10% risk of failure)
Press: ? - help, Dir - look around, f - activate The walls around you are covered in ice.
* * * LOW HITPOINT WARNING * * *
The wall freezes something but does no damage.
Something hits you.
* * * LOW HITPOINT WARNING * * *
Something shocks you.
You die...

. ..###.# ..
......
...#.#..#
.....#..###
..........#
#####..#.#
#....#.#
#.##{#.# ..
#@#.#
..........#
#######.....#
#.#.#...#
....# .##
#.### # #.#
...


There were no monsters in sight!

Vanquished Creatures
  Robin (D:2)
  An adder (D:2)
  A ball python (D:1)
  2 endoplasms (D:1)
  A giant cockroach (D:1)
  8 goblins
  6 hobgoblins
  4 kobolds
  2 quokkas (D:1)
  6 bats
  A frilled lizard (D:1)
33 creatures vanquished.

Notes
Turn   | Place    | Note
-------+----------+-------------------------------------------
     0 | D:1      | leafyfresh the Djinni Ice Elementalist began the quest for
                  | the Orb.
     0 | D:1      | leafyfresh set off with the following spells memorised:
                  | Freeze, Frozen Ramparts, Ozocubu's Armour, Hailstorm.
     0 | D:1      | Reached XP level 1. HP: 15/15 MP: 0/0
   173 | D:1      | Reached XP level 2. HP: 9/21 MP: 0/0
   343 | D:1      | Found a faded altar of an unknown god.
  1726 | D:2      | Reached XP level 3. HP: 13/25 MP: 0/0
  1726 | D:2      | Learned a level 1 spell: Shock
  2006 | D:2      | Noticed Robin
  2011 | D:2      | Killed Robin
  2303 | D:2      | Reached XP level 4. HP: 31/31 MP: 0/0
  2433 | D:2      | You are sucked into a shaft and drop 2 floors!
  2435 | D:4      | Noticed a sky beast
  2449 | D:4      | HP: 1/31 [something (1)]
  2449 | D:4      | Slain by a sky beast

Illustrated notes

Levels and vault maps discovered:
D:1:      minmay_arrival_wavy_path, layout_basic,
          shapermc_ecumenical_altar_starsandcircs
D:2:      layout_basic, uniq_robin
D:4:      layout_loops_ring, minmay_misc_feat_secret_circle

Skill      XL: |  1  2  3 |
---------------+----------+-----
Stealth        | 2 |  2.0
Dodging        | 3 |  3.3
Spellcasting   | |  3.7

Action                   |  1- 3 |  4- 6 || total
-------------------------+-------+-------++-------
Melee: Unarmed           |    52 |       ||    52
 Fire: Sling             |     1 |    10 ||    11
 Cast: Freeze            |    21 |     6 ||    27
       Shock             |    10 |       ||    10
       Frozen Ramparts   |     1 |     3 ||     4
       Ozocubu's Armour  |       |     1 ||     1
 Stab: Sleeping          |     1 |       ||     1
Armor: Robe              |    30 |     3 ||    33
Dodge: Dodged            |    60 |     5 ||    65
